cohdb
Replays
Latest Replays
All Replays
Popular Replays
Top Player Replays
Match Explorer
How It Works
Community
CoH3 Stats
Reddit
Sign in to upload your games and track your stats! →
Sign in with Steam
i see no Problem with Zombie call-in
Match 28416791
Overview
Messages
Build Orders
End
Construct Barracks
Construct Barracks
Selects Advanced Infantry Battlegroup
Riflemen Squad
Riflemen Squad
Riflemen Squad
Selects Convert to Ranger Squad
Convert to Ranger Squad
Infantry Support Center
Advanced Logistics
M1 Mortar Team
Selects Frontline Medical Station
Frontline Medical Station
Construct Weapon Support Center
Convert to Ranger Squad
Improved M9 Bazooka Rockets
Bazooka Squad
Survival Training
Convert to Ranger Squad
Selects Infantry Assault
Infantry Assault
Selects Ammunition Storage
Infantry Assault
Engineer Squad
Selects M2A1 105mm Howitzer Emplacement
Infantry Assault
Infantry Assault
Selects Free Fire Drills
Infantry Assault
Riflemen Squad
M1918 Browning Automatic Rifles
Infantry Assault
Convert to Ranger Squad
Infantry Assault
shootinputin
kimsimin
菲蕾嘉
유파_Yupa
DiGit@l
FLOKL
The101stAirBorne
秃鹫k
0
0
Comments
sign in to comment!
No comments posted yet!